AoeStats
← Topi-Petteri

Arabia

506387311Analyzed
1v1 RM · 18d ago on Sep 13, 2026· 57m 57s· 2 players
Game mode
Random Map
Map size
Tiny (2 player)
Population
200
Speed
Normal
Resources
Standard
Victory
Conquest
Starting age
Dark Age
Ending age
Imperial Age
RankedLock teamsTeams togetherTeam positionsShared explorationLock speedFull tech treeHidden civsTurbo modeCheats
Victory
Defeat
🇫🇮 Poles · Finland
722
+16
🇫🇮 Japanese · Finland
724
-16
Topi-Petteri
8:27 Loom
10:50 Feudal Age
11:06 Man-at-Arms
25:49 Castle Age
25:03 Wheelbarrow
28:03 Town Watch
28:33 Hand Cart
28:36 Forging
28:31 Scale Barding Armor
27:49 Light Cavalry
28:40 Bloodlines
28:32 Husbandry
28:30 Double-Bit Axe
30:12 Iron Casting
31:52 Bow Saw
33:02 Horse Collar
38:34 Imperial Age
37:27 Town Patrol
37:54 Gold Mining
37:55 Stone Mining
40:21 Chemistry
39:41 Ballistics
38:48 Winged Hussar
41:18 Blast Furnace
40:39 Chain Barding Armor
40:49 Conscription
44:13 Long Swordsman
45:43 Scale Mail Armor
45:23 Two-Handed Swordsman
45:58 Champion
47:06 Chain Mail Armor
48:42 Plate Mail Armor
48:45 Heavy Plow
58:07 Redemption
viljelia
6:33 Loom
11:04 Feudal Age
11:22 Man-at-Arms
16:50 Horse Collar
18:21 Double-Bit Axe
26:32 Castle Age
25:35 Scale Barding Armor
25:41 Forging
26:09 Stone Mining
28:16 Wheelbarrow
28:06 Forging
29:55 Gold Mining
33:27 Bow Saw
33:38 Heavy Plow
36:58 Iron Casting
36:44 Chain Barding Armor
36:42 Pikeman
37:23 Squires
38:29 Gambesons
38:33 Arson
39:48 Husbandry
40:06 Bloodlines
40:24 Scale Mail Armor
41:44 Chain Mail Armor
43:18 Hand Cart
46:56 Gold Shaft Mining
47:11 Masonry
50:31 Imperial Age
50:57 Cavalier
53:02 Chain Barding Armor
53:42 Blast Furnace
Connection lost

Rejoining the realm…

Still unreachable

The connection could not be restored.

Session expired

The server has moved on; the page needs a fresh start.